 Dungeon Crawl Stone Soup version 0.31-a0-1178-gc5c9b8f871 (webtiles) character file.

Game seed: 534524106418770308

929 qw the Skirmisher (level 8, -1/49 HPs)
             Began as a Gargoyle Hunter on Dec 11, 2023.
             Slain by an ogre
             ... wielding a +0 giant spiked club
              (26 damage)
             ... on level 6 of the Dungeon.
             The game lasted 00:02:15 (4304 turns).

qw the Skirmisher (Gargoyle Hunter)                 Turns: 4304, Time: 00:02:16

Health: -1/49      AC: 14    Str: 14    XL:     8   Next: 11%
Magic:  8/8        EV: 11    Int: 11    God:
Gold:   91         SH:  0    Dex: 15    Spells: 7/7 levels left

rFire   + . .        a - +0 shortbow
rCold   . . .        (shield currently unavailable)
rNeg    + . .        d - +0 ring mail
rPois   inf          g - +0 helmet
rElec   +            m - +1 cloak {Will+}
rCorr   .            (no gloves)
SInv    +            (no boots)
Will    +....        (no amulet)
Stlth   +            n - ring of see invisible
HPRegen 0.28/turn    j - ring of protection from fire
MPRegen 0.11/turn

%: no passive effects
@: no status effects
A: sickness immunity, AC +5, negative energy resistance 1, electricity
resistance, torment resistance 1, petrification resistance
a: no special abilities


You were on level 6 of the Dungeon.
You visited 2 branches of the dungeon, and saw 7 of its levels.

You collected 245 gold pieces.
You spent 154 gold pieces at shops.


Innate Abilities, Weirdness & Mutations

You are immune to sickness and miasma.
Your stone body is resilient. (AC +5)
You are immune to poison.
You resist negative energy. (rN+)
You are resistant to electric shocks. (rElec)
You are resistant to unholy torment.
You are immune to petrification.


   Skills:
 - Level 5.1 Fighting
 + Level 8.2 Ranged Weapons
 - Level 3.0 Armour
 - Level 2.0 Dodging
 - Level 1.1 Stealth


You had 7 spell levels left.
You didn't know any spells.
Your spell library was empty.

Inventory:

Hand Weapons
 a - a +0 shortbow (weapon)
Armour
 b - a +0 robe of fire resistance
 d - a +0 ring mail (worn)
 e - the +0 leather armour of the Teacher {-Tele rPois rF+ Dex+5 SInv}
   (You bought it in a shop on level 5 of the Dungeon)

   Dex+5:     It affects your dexterity (+5).
   rF+:       It protects you from fire.
   rPois:     It protects you from poison SInv: It lets you see invisible.
   -Tele:     It prevents most forms of teleportation.
 g - a +0 helmet (worn)
 m - a +1 cloak of willpower (worn)
Jewellery
 j - a ring of protection from fire (right hand)
 n - a ring of see invisible (left hand)
 Y - a ring of resist corrosion
Wands
 c - a wand of charming (11)
Potions
 f - a potion of cancellation
 h - 2 potions of mutation
 i - a potion of resistance {unknown}
 k - a potion of might
 l - a potion of attraction {unknown}
 o - a potion of haste {unknown}

Dungeon Overview and Level Annotations

Branches:
Dungeon (6/15)             Temple (1/1) D:4

Altars:
Dithmenos
Elyvilon
Fedhas
Hepliaklqana
Kikubaaqudgha
Makhleb
Nemelex Xobeh
Ru
Sif Muna
Trog
Wu Jian
Xom
Yredelemnul
Zin

Shops:
D:5 [


Message History

4219 ||| READING scroll of identify.
4219 ||| IDENTIFYING puce potion
As you read the scroll of identify, it crumbles to dust.
k - a potion of might Done exploring.
4220 ||| READING scroll labelled RISYUG YNGO.
The air fills with toxic fumes!
As you read the scroll labelled RISYUG YNGO, it crumbles to dust.
It was a scroll of poison.
Done exploring.
What level of the Dungeon? (default 5, ? - help)
There is a stone staircase leading down here.
You climb downwards.
There is a stone staircase leading up here.
Waypoint 6 assigned to D:6.
i - a lumpy blue potion
Enter note:
Enter note: You open the door.
There is an open door here.
You open the door.
An ogre comes into view. It is wielding a +0 giant spiked club.
The ogre shouts!
Found a stone staircase leading down.
You shoot an arrow. The arrow hits the ogre.
The ogre is lightly wounded.
You shoot an arrow. The arrow hits the ogre.
The ogre is moderately wounded.
You shoot an arrow. The arrow hits the ogre!
The ogre is severely wounded.
The ogre hits you with a +0 giant spiked club!
You shoot an arrow. The arrow barely misses the ogre.
You shoot an arrow. The arrow hits the ogre.
The ogre is severely wounded.
The ogre hits you with a +0 giant spiked club!
You shoot an arrow. The arrow hits the ogre.
The ogre is almost dead.
The ogre hits you with a +0 giant spiked club!!
Ouch! That really hurt!
You die...

########.# #.##.#
#........######.##.#
##..###..#..........
##'###..#.#........
##...##..#..........
##.....##.......PPPPP
#...8...#+#.....PPPPP
##.....## ##....PP
##.@.## ##...PP .
##O## +...PP .P ...
#...PP ..... .#..PP
...>... ....
##.....## ##...##
##+##


You could see an ogre.

Vanquished Creatures
  An ogre (D:5)
  Blork the orc (D:4)
  2 scorpions (D:5)
  2 hounds (D:4)
  2 orc priests (D:5)
  A gnoll bouda (D:5)
  2 sleepcaps
  2 iguanas (D:5)
  4 orc wizards (D:5)
  A hound zombie (D:3)
  A hound skeleton (D:3)
  Robin (D:2)
  6 gnolls
  8 adders
  An adder skeleton (D:3)
  3 worms
  2 dart slugs
  9 orcs (D:5)
  8 endoplasms
  7 giant cockroaches
  15 goblins
  11 hobgoblins
  4 jackals
  11 kobolds
  10 quokkas
  2 ball pythons
  A ball python skeleton (D:3)
  7 bats
  4 frilled lizards
  A quokka zombie (D:3)
  7 rats
137 creatures vanquished.

Notes
Turn   | Place    | Note
-------+----------+-------------------------------------------
     0 | D:1      | qw the Gargoyle Hunter began the quest for the Orb.
     0 | D:1      | Reached XP level 1. HP: 12/12 MP: 1/1
     0 | D:1      | 0 ||| qw: Version: 0.3-a-106-g2cfff9e
     0 | D:1      | 0 ||| qw: Game counter: 1969
     0 | D:1      | 0 ||| qw: Melee chars always use a shield: true
     0 | D:1      | 0 ||| qw: God list: Okawaru
     0 | D:1      | 0 ||| qw: Allow faded altars: false
     0 | D:1      | 0 ||| qw: Do Orc after clearing Dungeon:15 true
     0 | D:1      | 0 ||| qw: Do second Lair branch before Depths: true
     0 | D:1      | 0 ||| qw: Lair rune preference: random
     0 | D:1      | 0 ||| qw: Goals: Normal, Save, Zot:1-4, Win
     0 | D:1      | 0 ||| PLANNING D:1-11
   151 | D:1      | Reached XP level 2. HP: 17/17 MP: 2/2
   472 | D:1      | 472 ||| READING scroll labelled UNOZI BUOTUR.
   473 | D:1      | 473 ||| READING 3 scrolls labelled ZOHY KODANTASA.
   473 | D:1      | 473 ||| IDENTIFYING fuming sapphire potion
   474 | D:1      | 474 ||| READING 2 scrolls of identify.
   474 | D:1      | 474 ||| IDENTIFYING scroll labelled VEEDYI UCIOCK
   475 | D:1      | 475 ||| DROPPING scroll of butterflies.
   476 | D:1      | 476 ||| DROPPING scroll of amnesia.
   606 | D:2      | Reached XP level 3. HP: 21/21 MP: 3/3
   624 | D:2      | Reached skill level 5 in Ranged Weapons
   761 | D:2      | Reached skill level 3 in Fighting
   805 | D:2      | Reached XP level 4. HP: 9/28 MP: 4/4
   832 | D:2      | Noticed Robin
   837 | D:2      | Killed Robin
  1328 | D:2      | 1328 ||| UPGRADING to +0 ring mail.
  1338 | D:2      | 1338 ||| DROPPING +0 leather armour.
  1339 | D:2      | 1339 ||| UPGRADING to +0 helmet.
  1344 | D:2      | 1344 ||| UPGRADING to ring of protection from fire.
  1345 | D:2      | 1345 ||| READING scroll of identify.
  1345 | D:2      | 1345 ||| IDENTIFYING fizzy white potion
  1346 | D:2      | 1346 ||| DRINKING 2 fuming clear potions.
  1347 | D:2      | 1347 ||| DROPPING potion of degeneration.
  1348 | D:2      | 1348 ||| DROPPING potion of lignification.
  1404 | D:3      | 1404 ||| STAIRDANCE
  1429 | D:3      | Reached skill level 1 in Armour
  1449 | D:3      | Reached XP level 5. HP: 32/32 MP: 5/5
  1574 | D:3      | Reached skill level 6 in Ranged Weapons
  1636 | D:3      | 1636 ||| DROPPING +4 sling.
  1913 | D:3      | Found a faded altar of an unknown god.
  1917 | D:3      | Found a bloodstained altar of Trog.
  2133 | D:3      | 2133 ||| UPGRADING to ring of resist corrosion.
  2134 | D:3      | 2134 ||| READING scroll labelled COTO ERIEKIOTE.
  2147 | D:4      | 2147 ||| STAIRDANCE
  2151 | D:4      | 2151 ||| STAIRDANCE
  2155 | D:4      | 2155 ||| STAIRDANCE
  2159 | D:4      | 2159 ||| STAIRDANCE
  2163 | D:4      | 2163 ||| STAIRDANCE
  2167 | D:4      | 2167 ||| STAIRDANCE
  2171 | D:4      | 2171 ||| STAIRDANCE
  2175 | D:4      | 2175 ||| STAIRDANCE
  2179 | D:4      | 2179 ||| STAIRDANCE
  2183 | D:4      | 2183 ||| STAIRDANCE
  2187 | D:4      | 2187 ||| STAIRDANCE
  2191 | D:4      | 2191 ||| STAIRDANCE
  2195 | D:4      | 2195 ||| STAIRDANCE
  2199 | D:4      | 2199 ||| STAIRDANCE
  2203 | D:4      | 2203 ||| STAIRDANCE
  2207 | D:4      | 2207 ||| STAIRDANCE
  2211 | D:4      | 2211 ||| STAIRDANCE
  2215 | D:4      | 2215 ||| STAIRDANCE
  2219 | D:4      | 2219 ||| STAIRDANCE
  2223 | D:4      | 2223 ||| STAIRDANCE
  2304 | D:4      | Found a hazy altar of Hepliaklqana.
  2483 | D:4      | Reached XP level 6. HP: 38/38 MP: 6/6
  2554 | D:4      | Noticed Blork the orc
  2561 | D:4      | Killed Blork the orc
  2707 | D:4      | Found a staircase to the Ecumenical Temple.
  2708 | D:4      | 2708 ||| PLANNING TEMPLE
  2708 | D:4      | 2708 ||| UPGRADING to +1 cloak of willpower.
  2713 | D:4      | 2713 ||| READING scroll of identify.
  2713 | D:4      | 2713 ||| IDENTIFYING coppery potion
  2714 | D:4      | 2714 ||| READING scroll labelled KEKHAD YRUSULI.
  2719 | Temple   | Entered the Ecumenical Temple
  2720 | Temple   | 2720 ||| PLANNING D:1-11
  3024 | D:4      | Reached skill level 7 in Ranged Weapons
  3065 | D:4      | Found a sparkling altar of Nemelex Xobeh.
  3067 | D:4      | Found a shimmering blue altar of Sif Muna.
  3143 | D:4      | 3143 ||| UPGRADING to ring of see invisible.
  3145 | D:4      | 3145 ||| UPGRADING to ring of protection from fire.
  3147 | D:4      | 3147 ||| READING 2 scrolls of identify.
  3147 | D:4      | 3147 ||| IDENTIFYING glowing red potion
  3148 | D:4      | 3148 ||| READING scroll of identify.
  3148 | D:4      | 3148 ||| IDENTIFYING white potion
  3149 | D:4      | 3149 ||| DROPPING potion of ambrosia.
  3161 | D:5      | Entered Level 5 of the Dungeon
  3162 | D:5      | 3162 ||| PLANNING SEWER
  3178 | D:5      | Reached skill level 3 in Armour
  3178 | D:5      | Reached XP level 7. HP: 43/43 MP: 7/7
  3199 | D:5      | 3199 ||| Stepping ~*~*~tactically~*~*~ (retreating).
  3200 | D:5      | 3200 ||| Stepping ~*~*~tactically~*~*~ (retreating).
  3204 | D:5      | 3204 ||| Stepping ~*~*~tactically~*~*~ (retreating).
  3206 | D:5      | HP: 7/43 [orc priest/nerve-wracking pain (4)]
  3207 | D:5      | 3207 ||| DRINKING potion of heal wounds.
  3346 | D:5      | Found Hiuklepp's Antique Armour Boutique.
  3378 | D:5      | 3378 ||| BUYING dazzling leather armour (154 gold).
  3378 | D:5      | Bought a dazzling leather armour for 154 gold pieces
  3378 | D:5      | Identified the +0 leather armour of the Teacher {-Tele
                  | rPois rF+ Dex+5 SInv} (You bought it in a shop on level 5
                  | of the Dungeon)
  3378 | D:5      | 3378 ||| SHOPLISTING shiny steam dragon scales (946 gold,
                  | have 62).
  3629 | D:5      | 3629 ||| Stepping ~*~*~tactically~*~*~ (retreating).
  3633 | D:5      | Reached skill level 8 in Ranged Weapons
  3771 | D:5      | Reached XP level 8. HP: 42/49 MP: 8/8
  3811 | D:5      | Found a shadowy altar of Dithmenos.
  3881 | D:5      | Found an ancient bone altar of Kikubaaqudgha.
  3910 | D:5      | 3910 ||| RIP SEWER
  3928 | D:5      | 3928 ||| PLANNING D:1-11
  4210 | D:5      | Found a glowing silver altar of Zin.
  4219 | D:5      | 4219 ||| READING scroll of identify.
  4219 | D:5      | 4219 ||| IDENTIFYING puce potion
  4220 | D:5      | 4220 ||| READING scroll labelled RISYUG YNGO.
  4304 | D:6      | Slain by an ogre

Levels and vault maps discovered:
D:1:      dpeg_arrival_prison, layout_rooms, kennysheep_crisscross
D:2:      layout_loops_ring, uniq_robin
D:3:      layout_basic, nicolae_overflow_ecumenical_swirl, serial_undead,
          serial_undead_e, serial_undead_b, serial_undead_d, serial_undead_a
D:4:      layout_gridville, mainiacjoe_overflow_boulevard, minitemple,
          minmay_temple_entry_grid, uniq_blork_the_orc
D:5:      layout_loops_ring, zin_statuary, kiku_gazebo_garden_becter,
          nicolae_dithmenos_the_darkroom, gup_sewer_entry_pipe, serial_shops,
          shop
D:6:      layout_loops_ring, mainiacjoe_overflow_chevrons, nicolae_hexahallways,
          nicolae_water_bricks, chequers_serial_rivers_small_3,
          minmay_chambers_of_fives
Temple:   hellmonk_temple_two_chambers

Skill      XL: |  1  2  3  4  5  6  7  8 |
---------------+-------------------------+-----
Ranged Weapons | 5 6 7 8 |  8.2
Fighting       | 3 4 5 |  5.1
Armour         | 1 3 |  3.0
Dodging        | 2 |  2.0
Stealth        | |  1.1

Action                     |  1- 3 |  4- 6 |  7- 9 || total
---------------------------+-------+-------+-------++-------
   Fire: Shortbow          |   131 |   256 |   169 ||   556
    Use: Scroll            |     3 |     6 |     2 ||    11
         Potion            |       |     1 |     1 ||     2
 Armour: Leather armour    |    47 |    21 |       ||    68
         Ring mail         |       |   106 |    70 ||   176
  Dodge: Dodged            |    58 |    93 |    49 ||   200

Table legend:
 A = Non-vault XP
 B = Vault XP
 C = Vault XP percentage of total XP
 D = Non-vault monster count
 E = Vault monster count
 F = Vault count percentage of total count
                 A         B        C        D         E       F
            +---------+---------+-------+---------+---------+-------
      Total |    1137 |     191 |  14.4 |     111 |      26 |  19.0
            +---------+---------+-------+---------+---------+-------
        D:1 |      27 |       2 |   6.9 |      17 |       2 |  10.5
        D:2 |      78 |      31 |  28.4 |      28 |      11 |  28.2
        D:3 |      67 |      48 |  41.7 |      23 |       5 |  17.9
        D:4 |     231 |      96 |  29.4 |      17 |       1 |   5.6
        D:5 |     734 |      14 |   1.9 |      26 |       7 |  21.2
            +---------+---------+-------+---------+---------+-------
